 Dungeon Crawl Stone Soup version 0.29.1-13-g9f3cf754e1 (webtiles) character file.

Game seed: 1904249862794007370

292 Wobber the Shield-Bearer (level 6, -4/53 HPs)
             Began as a Gnoll Fighter on Feb 12, 2023.
             Was an Initiate of Okawaru.
             Killed from afar by a steam dragon (7 damage)
             ... with a ball of steam
             ... on level 4 of the Dungeon.
             The game lasted 00:06:52 (2639 turns).

Wobber the Shield-Bearer (Gnoll Fighter)            Turns: 2639, Time: 00:06:53

Health: -4/53      AC: 19    Str: 16 (17) XL:     6   Next: 33%
Magic:  9/9        EV:  7    Int: 12 (15) God:    Okawaru [......]
Gold:   222        SH:  5    Dex:  9 (12) Spells: 9/9 levels left

rFire   . . .      SeeInvis .   a - +0 long sword
rCold   . . .      Faith    .   c - +0 buckler
rNeg    . . .      Spirit   .   j - +4 chain mail "Jebagru" {Drain rPois Int+8 Stlth+}
rPois   +          Reflect  .   l - +0 helmet
rElec   .          Harm     .   i - +1 cloak
rCorr   .          Rampage  .   w - +0 pair of gloves
Will    .....                   (no boots)
Stlth   ..........              (no amulet)
HPRegen 0.17/turn               (no ring)
MPRegen 0.11/turn               (no ring)

@: attractive
A: fangs 1, strong nose, distributed training
a: Renounce Religion


You were on level 4 of the Dungeon.
You worshipped Okawaru.
Okawaru was noncommittal.
You visited 1 branch of the dungeon, and saw 4 of its levels.

You collected 222 gold pieces.

Inventory:

Hand Weapons
 a - a +0 long sword (weapon)
 o - a +0 long sword
 y - a +1 vorpal flail
Armour
 b - a +0 scale mail
 c - a +0 buckler (worn)
 i - a +1 cloak (worn)
 j - the +4 chain mail "Jebagru" (worn) {Drain rPois Int+8 Stlth+}
   (You found it on level 2 of the Dungeon)

   Int:       It affects your intelligence (+8).
   rPois:     It protects you from poison.
   Drain:     It drains your maximum health when unequipped.
   Stlth:     It makes you more stealthy.
 l - a +0 helmet (worn)
 w - a +0 pair of gloves (worn)
Jewellery
 n - a +6 ring of strength
Wands
 x - a wand of quicksilver (11)
Scrolls
 f - 2 scrolls of fear {unknown}
 g - 2 scrolls of teleportation {unknown}
 h - a scroll of butterflies {unknown}
 k - a scroll of silence {unknown}
 p - 6 scrolls of identify {unknown}
 t - 2 scrolls of immolation {unknown}
 A - a scroll of enchant armour {unknown}
 B - a scroll of vulnerability {unknown}
Potions
 d - a potion of might
 e - a potion of invisibility
 m - a potion of degeneration
 q - a potion of berserk rage {unknown}
 r - a potion of mutation {unknown}
 s - a potion of lignification {unknown}
 v - a potion of haste {unknown}
 z - a potion of flight {unknown}


   Skills:
 + Level 6.8 Fighting
 + Level 2.0 Short Blades
 + Level 5.0 Long Blades
 + Level 2.0 Axes
 + Level 2.0 Maces & Flails
 + Level 2.0 Polearms
 + Level 2.0 Staves
 + Level 2.0 Ranged Weapons
 + Level 2.0 Throwing
 + Level 6.8 Armour
 + Level 2.0 Dodging
 + Level 2.0 Stealth
 + Level 6.8 Shields
 + Level 2.0 Unarmed Combat
 + Level 2.0 Spellcasting
 + Level 1.5 Conjurations
 + Level 1.5 Hexes
 + Level 1.5 Summonings
 + Level 1.5 Necromancy
 + Level 1.5 Translocations
 + Level 1.5 Transmutations
 + Level 1.5 Fire Magic
 + Level 1.5 Ice Magic
 + Level 1.5 Air Magic
 + Level 1.5 Earth Magic
 + Level 1.5 Poison Magic
 + Level 2.2 Invocations
 + Level 2.0 Evocations


You had 9 spell levels left.
You didn't know any spells.
Your spell library was empty.

Dungeon Overview and Level Annotations

Branches:
Dungeon (4/15)
 Temple: D:4-7

Altars:
Okawaru
Trog

Shops:
D:3 :


Innate Abilities, Weirdness & Mutations

You have very sharp teeth.
Your uncanny sense of smell can sniff out nearby items.
Your experience applies equally to all skills.


Message History

The adder barely misses you.
You hit the steam dragon but do no damage.
Your bite misses the steam dragon.
The steam dragon bites you but does no damage.
The steam dragon claws you but does no damage.
The adder bites you but does no damage. The steam dragon breathes steam at you.
The ball of steam hits you! The adder bites you but does no damage.
You block the adder's attack. The steam dragon barely misses you. x2
You closely miss the steam dragon. Your bite misses the steam dragon.
The adder bites you but does no damage. The steam dragon closely misses you.
You block the steam dragon's attack. You block the adder's attack.
You closely miss the steam dragon. The steam dragon barely misses you.
The steam dragon claws you but does no damage.
You block the adder's attack.
You closely miss the steam dragon. The adder bites you but does no damage.
The steam dragon breathes steam at you. The ball of steam hits you!
* * * LOW HITPOINT WARNING * * *
The adder bites you but does no damage. The steam dragon closely misses you.
You block the steam dragon's attack. The adder bites you but does no damage.
You completely miss the steam dragon.
The steam dragon bites you but does no damage.
The steam dragon barely misses you. You block the adder's attack.
You closely miss the adder. Your bite misses the adder.
The adder is moderately wounded.
The adder closely misses you. The steam dragon bites you!
* * * LOW HITPOINT WARNING * * *
The steam dragon barely misses you. The adder bites you.
* * * LOW HITPOINT WARNING * * *
It was a potion of degeneration.
There was something very wrong with that liquid.
You feel weakened.
You feel dopey.
You feel clumsy.
The steam dragon bites you but does no damage.
You block the steam dragon's attack. The adder bites you but does no damage.
It was a potion of attraction.
You feel attractive to monsters. The steam dragon breathes steam at you.
The ball of steam hits you!
You die...

########### #
#...##..#.# #
#.........## ####
###.........# #..###
#....(.S....#
.....####......D@..##
.....#.##......##...#
........†.............#
....#..............#...#
....##..#..........##..#
...D.#.................#
##.......#......##... #.
#........#......# #.#
##.......#......#


You could see a steam dragon (catching breath) and an adder.

Vanquished Creatures
  An ogre (D:4)
  An iguana (D:4)
  Jessica (D:2)
  Natasha (thrice) (D:2)
  Robin (D:2)
  2 adders
  4 dart slugs
  3 orcs
  5 endoplasms
  2 giant cockroaches
  10 goblins
  6 hobgoblins
  2 jackals (D:4)
  A quokka (D:1)
  4 bats
  A frilled lizard (D:2)
  7 kobolds
  3 rats
57 creatures vanquished.

Vanquished Creatures (others)
  An endoplasm (D:4)
  A hobgoblin (D:4)
2 creatures vanquished.

Grand Total: 59 creatures vanquished

Notes
Turn   | Place    | Note
-------+----------+-------------------------------------------
     0 | D:1      | Wobber the Gnoll Fighter began the quest for the Orb.
     0 | D:1      | Reached XP level 1. HP: 23/23 MP: 1/1
   135 | D:1      | Reached XP level 2. HP: 29/29 MP: 2/2
   578 | D:2      | Found an iron altar of Okawaru.
   578 | D:2      | Noticed Jessica
   583 | D:2      | Identified the +4 chain mail "Jebagru" {Drain rPois Int+8
                  | Stlth+}
   586 | D:2      | Killed Jessica
   587 | D:2      | Reached skill level 1 in Invocations
   587 | D:2      | Reached XP level 3. HP: 34/35 MP: 2/4
   634 | D:2      | Reached skill level 1 in Short Blades
   634 | D:2      | Reached skill level 1 in Axes
   634 | D:2      | Reached skill level 1 in Maces & Flails
   634 | D:2      | Reached skill level 1 in Polearms
   634 | D:2      | Reached skill level 1 in Staves
   634 | D:2      | Reached skill level 1 in Ranged Weapons
   634 | D:2      | Reached skill level 1 in Throwing
   634 | D:2      | Reached skill level 1 in Dodging
   634 | D:2      | Reached skill level 1 in Stealth
   634 | D:2      | Reached skill level 1 in Unarmed Combat
   634 | D:2      | Reached skill level 1 in Spellcasting
   634 | D:2      | Reached skill level 1 in Evocations
   667 | D:2      | Reached XP level 4. HP: 37/41 MP: 5/5
   667 | D:2      | Noticed Robin
   678 | D:2      | Killed Robin
   908 | D:2      | Reached skill level 1 in Conjurations
   908 | D:2      | Reached skill level 1 in Hexes
   908 | D:2      | Reached skill level 1 in Summonings
   908 | D:2      | Reached skill level 1 in Necromancy
   908 | D:2      | Reached skill level 1 in Translocations
   908 | D:2      | Reached skill level 1 in Transmutations
   908 | D:2      | Reached skill level 1 in Fire Magic
   908 | D:2      | Reached skill level 1 in Ice Magic
   908 | D:2      | Reached skill level 1 in Air Magic
   908 | D:2      | Reached skill level 1 in Earth Magic
   908 | D:2      | Reached skill level 1 in Poison Magic
   970 | D:2      | Noticed Natasha
   975 | D:2      | Killed Natasha
   998 | D:2      | Noticed Natasha
  1008 | D:2      | Killed Natasha
  1009 | D:2      | Reached XP level 5. HP: 39/47 MP: 7/7
  1153 | D:2      | Found a faded altar of an unknown god.
  1270 | D:2      | Noticed Natasha
  1280 | D:2      | Killed Natasha
  1331 | D:2      | Became a worshipper of Warmaster Okawaru
  1894 | D:3      | Found a bloodstained altar of Trog.
  1932 | D:3      | Found Moninoube's Book Shoppe.
  2339 | D:4      | Noticed an ogre
  2353 | D:4      | Killed an ogre
  2354 | D:4      | Reached skill level 5 in Long Blades
  2354 | D:4      | Reached XP level 6. HP: 25/53 MP: 7/9
  2597 | D:4      | Noticed a steam dragon
  2639 | D:4      | Killed from afar by a steam dragon

Illustrated notes

Levels and vault maps discovered:
D:1:      psy_arrival_basics, layout_rooms
D:2:      layout_rooms, shapermc_ecumenical_altar_pompeii, basic_altar,
          uniq_robin, uniq_natasha, uniq_jessica
D:3:      layout_basic, mainiacjoe_overflow_24_doors, serial_shops, shop,
          minmay_misc_feat_roman
D:4:      layout_cave_pools

Skill      XL: |  1  2  3  4  5 |
---------------+----------------+-----
Invocations    | 1 2 |  2.2
Short Blades   | 1 2 |  2.0
Axes           | 1 2 |  2.0
Maces & Flails | 1 2 |  2.0
Polearms       | 1 2 |  2.0
Staves         | 1 2 |  2.0
Ranged Weapons | 1 2 |  2.0
Throwing       | 1 2 |  2.0
Dodging        | 1 2 |  2.0
Stealth        | 1 2 |  2.0
Unarmed Combat | 1 2 |  2.0
Spellcasting   | 1 2 |  2.0
Evocations     | 1 2 |  2.0
Conjurations   | 1 |  1.5
Hexes          | 1 |  1.5
Summonings     | 1 |  1.5
Necromancy     | 1 |  1.5
Translocations | 1 |  1.5
Transmutations | 1 |  1.5
Fire Magic     | 1 |  1.5
Ice Magic      | 1 |  1.5
Air Magic      | 1 |  1.5
Earth Magic    | 1 |  1.5
Poison Magic   | 1 |  1.5
Long Blades    | 5 |  5.0
Fighting       | |  6.8
Armour         | |  6.8
Shields        | |  6.8

Action                   |  1- 3 |  4- 6 || total
-------------------------+-------+-------++-------
Melee: Long sword        |    76 |   134 ||   210
       Bite              |     7 |    17 ||    24
  Use: Potion            |       |     2 ||     2
Armor: Scale mail        |    33 |     8 ||    41
       Chain mail        |       |    89 ||    89
Dodge: Dodged            |    28 |    61 ||    89
Block: Buckler           |    20 |    48 ||    68
